 Dungeon Crawl Stone Soup version 0.29.1-1-gd02db6906a (webtiles) character file.

Game seed: 16965870937688134029

297 juncz the Chiller (level 6, -2/44 HPs)
             Began as a Gnoll Ice Elementalist on Sept 27, 2022.
             Slain by a gnoll
             ... wielding a +1 flail of protection
             ... led by a gnoll sergeant
              (8 damage)
             ... on level 5 of the Dungeon.
             The game lasted 00:06:54 (3490 turns).

juncz the Chiller (Gnoll Ice Elementalist)          Turns: 3490, Time: 00:06:54

Health: -2/44      AC:  9    Str:  8    XL:     6   Next: 35%
Magic:  1/14       EV: 13    Int: 16    God:
Gold:   206        SH:  0    Dex: 12    Spells: 8/15 levels left

rFire   . . .      SeeInvis .   j - staff of air
rCold   . . .      Faith    .   (no shield)
rNeg    . . .      Spirit   .   a - +0 robe
rPois   .          Reflect  .   (no helmet)
rElec   +          Harm     .   (no cloak)
rCorr   .          Rampage  .   (no gloves)
Will    .....                   (no boots)
Stlth   +++.......              s - amulet of magic regeneration
HPRegen 0.14/turn               (no ring)
MPRegen 0.54/turn               (no ring)

@: ice-armoured, freezing walls
A: fangs 1, strong nose, distributed training
a: no special abilities


You were on level 5 of the Dungeon.
You visited 1 branch of the dungeon, and saw 5 of its levels.

You collected 206 gold pieces.

Inventory:

Hand Weapons
 e - a +0 dagger
Armour
 a - a +0 robe (worn)
Magical Staves
 j - a staff of air (weapon)
Jewellery
 o - the ring "Xekiuz" {*Slow Fly rElec rF- Dex+6}
   (You found it on level 2 of the Dungeon)

   [ring of dexterity]

   Dex:       It affects your dexterity (+6).
   rF:        It makes you vulnerable to fire.
   rElec:     It insulates you from electricity.
   Fly:       It grants you flight.
   *Slow:     It may slow you when you take damage.
 p - a ring of positive energy
 s - an amulet of magic regeneration (around neck)
 t - a ring of fire
 x - a +6 ring of strength
Scrolls
 d - 2 scrolls of blinking {unknown}
 h - a scroll of noise {unknown}
 m - 2 scrolls of identify {unknown}
 q - 2 scrolls of butterflies {unknown}
 v - 3 scrolls of teleportation {unknown}
 w - a scroll of fear {unknown}
 y - a scroll of silence {unknown}
Potions
 b - a potion of magic
 c - 2 potions of cancellation {unknown}
 f - a potion of lignification {unknown}
 g - a potion of brilliance {unknown}
 i - a potion of haste {unknown}
 k - a potion of curing {unknown}
 l - a potion of degeneration {unknown}
 n - a potion of heal wounds {unknown}
 r - 2 potions of flight {unknown}
 u - a potion of ambrosia {unknown}


   Skills:
 + Level 2.0 Fighting
 + Level 2.0 Short Blades
 + Level 2.0 Long Blades
 + Level 2.0 Axes
 + Level 2.0 Maces & Flails
 + Level 2.0 Polearms
 + Level 2.0 Staves
 + Level 2.0 Ranged Weapons
 + Level 2.0 Throwing
 + Level 2.0 Armour
 + Level 5.0 Dodging
 + Level 4.6 Stealth
 + Level 2.0 Shields
 + Level 2.0 Unarmed Combat
 + Level 5.4 Spellcasting
 + Level 1.6 Conjurations
 + Level 1.6 Hexes
 + Level 1.6 Summonings
 + Level 1.6 Necromancy
 + Level 1.6 Translocations
 + Level 1.6 Transmutations
 + Level 1.6 Fire Magic
 + Level 7.3 Ice Magic
 + Level 1.6 Air Magic
 + Level 1.6 Earth Magic
 + Level 1.6 Poison Magic
 + Level 2.2 Invocations
 + Level 2.0 Evocations


You had 8 spell levels left.
You knew the following spells:

 Your Spells              Type           Power      Damage    Failure   Level
a - Freeze                Ice            100%       1d11      1%          1
b - Frozen Ramparts       Ice            54%        1d9       2%          3
c - Ozocubu's Armour      Ice            27%        N/A       2%          3

Your spell library contained the following spells:

 Spells                   Type           Power      Damage    Failure   Level
 Hailstorm                Conj/Ice       18%        3d6       24%         4


Dungeon Overview and Level Annotations

Branches:
Dungeon (5/15)
 Temple: D:4-7

Altars:
Cheibriados
Okawaru
Uskayaw

Shops:
D:2 [


Innate Abilities, Weirdness & Mutations

You have very sharp teeth.
Your uncanny sense of smell can sniff out nearby items.
Your experience applies equally to all skills.


Message History

Confirm with . or Enter, or press ? or * to list all spells.
A film of ice covers your body!
The wall freezes the gnoll sergeant!
The gnoll sergeant barely misses you.
Casting: Ozocubu's Armour (dangerous; 2% risk of failure)
Confirm with . or Enter, or press ? or * to list all spells.
Aiming: Freeze (safe; 1% risk of failure)
Press: ? - help, Shift-Dir - straight line, f - gnoll sergeant
Aim: a gnoll sergeant, wielding a +0 spear, wearing a +0 scale mail and wearing a +0 kite shield (severely wounded)
You freeze the gnoll sergeant!
You kill the gnoll sergeant!
Your Fighting skill increases to level 2!
Your Short Blades skill increases to level 2!
Your Long Blades skill increases to level 2!
Your Axes skill increases to level 2!
Your Maces & Flails skill increases to level 2!
Your Polearms skill increases to level 2!
Your Staves skill increases to level 2!
Your Ranged Weapons skill increases to level 2!
Your Throwing skill increases to level 2!
Your Armour skill increases to level 2!
Your Dodging skill increases to level 5!
Your Shields skill increases to level 2!
Your Unarmed Combat skill increases to level 2!
Your Evocations skill increases to level 2!
The wall freezes the gnoll.
Casting: Freeze (safe; 1% risk of failure)
Confirm with . or Enter, or press ? or * to list all spells.
Aiming: Freeze (safe; 1% risk of failure)
Press: ? - help, Shift-Dir - straight line, f - gnoll
Aim: a gnoll, wielding a +1 flail of protection (moderately wounded)
You freeze the gnoll.
The gnoll is heavily wounded.
The wall freezes the gnoll.
The gnoll hits you with a +1 flail of protection!
* * * LOW HITPOINT WARNING * * *
You hit the gnoll but do no damage.
The gnoll is electrocuted.
The gnoll is severely wounded.
The wall freezes the gnoll but does no damage.
The gnoll hits you with a +1 flail of protection!
You die...

#... .... ...
=.# ..# ..####
####g...<##
#..@....?.#
##.##)#.#...
#..........
###<.......
#......###.$.#
......##...
...# ###.#.
#### ..# ..∆.
.# .. ..


You could see a gnoll.

Vanquished Creatures
  A gnoll sergeant (D:5)
  A hound (D:4)
  An iguana (D:4)
  Jessica (D:2)
  3 gnolls (D:5)
  4 adders
  2 worms
  4 dart slugs
  12 ball pythons
  2 bats
  8 endoplasms
  3 giant cockroaches
  6 goblins
  8 hobgoblins
  9 kobolds
  2 quokkas (D:1)
  4 frilled lizards
  5 rats
76 creatures vanquished.

Notes
Turn   | Place    | Note
-------+----------+-------------------------------------------
     0 | D:1      | juncz the Gnoll Ice Elementalist began the quest for the
                  | Orb.
     0 | D:1      | Reached XP level 1. HP: 13/13 MP: 6/6
   118 | D:1      | Reached XP level 2. HP: 19/19 MP: 5/7
   480 | D:1      | Reached skill level 5 in Spellcasting
   480 | D:1      | Reached XP level 3. HP: 25/25 MP: 1/9
   484 | D:1      | Learned a level 3 spell: Frozen Ramparts
   488 | D:1      | Learned a level 3 spell: Ozocubu's Armour
   776 | D:1      | Reached skill level 1 in Invocations
   956 | D:2      | Found Qocanivo's Armour Emporium.
  1105 | D:2      | Noticed a floating eye
  1107 | D:2      | Found a faded altar of an unknown god.
  1109 | D:2      | Noticed a shining eye
  1109 | D:2      | Noticed a shining eye
  1109 | D:2      | Noticed an eye of devastation
  1142 | D:2      | Identified the ring "Xekiuz" {*Slow Fly rElec rF- Dex+6}
  1185 | D:2      | Reached skill level 1 in Fighting
  1185 | D:2      | Reached skill level 1 in Short Blades
  1185 | D:2      | Reached skill level 1 in Long Blades
  1185 | D:2      | Reached skill level 1 in Axes
  1185 | D:2      | Reached skill level 1 in Maces & Flails
  1185 | D:2      | Reached skill level 1 in Polearms
  1185 | D:2      | Reached skill level 1 in Staves
  1185 | D:2      | Reached skill level 1 in Ranged Weapons
  1185 | D:2      | Reached skill level 1 in Throwing
  1185 | D:2      | Reached skill level 1 in Armour
  1185 | D:2      | Reached skill level 1 in Shields
  1185 | D:2      | Reached skill level 1 in Unarmed Combat
  1185 | D:2      | Reached skill level 1 in Evocations
  1382 | D:2      | Noticed Jessica
  1403 | D:2      | Killed Jessica
  1404 | D:2      | Reached XP level 4. HP: 28/32 MP: 6/11
  1690 | D:2      | Reached skill level 1 in Conjurations
  1690 | D:2      | Reached skill level 1 in Hexes
  1690 | D:2      | Reached skill level 1 in Summonings
  1690 | D:2      | Reached skill level 1 in Necromancy
  1690 | D:2      | Reached skill level 1 in Translocations
  1690 | D:2      | Reached skill level 1 in Transmutations
  1690 | D:2      | Reached skill level 1 in Fire Magic
  1690 | D:2      | Reached skill level 1 in Air Magic
  1690 | D:2      | Reached skill level 1 in Earth Magic
  1690 | D:2      | Reached skill level 1 in Poison Magic
  1734 | D:2      | Found an iron altar of Okawaru.
  1933 | D:3      | Found a snail-covered altar of Cheibriados.
  2183 | D:3      | Found a hide-covered altar of Uskayaw.
  2452 | D:3      | Reached XP level 5. HP: 37/37 MP: 10/12
  3473 | D:5      | Entered Level 5 of the Dungeon
  3480 | D:5      | Reached XP level 6. HP: 30/44 MP: 6/13
  3488 | D:5      | Reached skill level 5 in Dodging
  3490 | D:5      | Slain by a gnoll

Illustrated notes

Levels and vault maps discovered:
D:1:      lightli_arrival_boilingwater, layout_basic
D:2:      layout_basic, basic_altar, serial_shops, nicolae_shop_window_shopping,
          hellmonk_ecumenical_altar_watching_god, uniq_jessica
D:3:      layout_basic, mainiacjoe_overflow_catwalk, lemuel_doored_altar
D:4:      layout_basic
D:5:      layout_basic, elyvilon_altar_5, minmay_small_thing,
          uniq_blork_the_orc, uniq_edmund, uniq_pikel

Skill      XL: |  1  2  3  4  5  6 |
---------------+-------------------+-----
Spellcasting   | 5 |  5.4
Invocations    | 1 2 |  2.2
Fighting       | 1 2 |  2.0
Short Blades   | 1 2 |  2.0
Long Blades    | 1 2 |  2.0
Axes           | 1 2 |  2.0
Maces & Flails | 1 2 |  2.0
Polearms       | 1 2 |  2.0
Staves         | 1 2 |  2.0
Ranged Weapons | 1 2 |  2.0
Throwing       | 1 2 |  2.0
Armour         | 1 2 |  2.0
Shields        | 1 2 |  2.0
Unarmed Combat | 1 2 |  2.0
Evocations     | 1 2 |  2.0
Conjurations   | 1 |  1.6
Hexes          | 1 |  1.6
Summonings     | 1 |  1.6
Necromancy     | 1 |  1.6
Translocations | 1 |  1.6
Transmutations | 1 |  1.6
Fire Magic     | 1 |  1.6
Air Magic      | 1 |  1.6
Earth Magic    | 1 |  1.6
Poison Magic   | 1 |  1.6
Dodging        | 5 |  5.0
Stealth        | |  4.6
Ice Magic      | |  7.3

Action                   |  1- 3 |  4- 6 || total
-------------------------+-------+-------++-------
Melee: Unarmed           |     4 |       ||     4
       Bite              |     1 |       ||     1
       Dagger            |     3 |       ||     3
       Staff             |     1 |     5 ||     6
 Cast: Freeze            |    40 |    45 ||    85
       Frozen Ramparts   |     3 |     6 ||     9
       Ozocubu's Armour  |       |     4 ||     4
 Stab: Sleeping          |     2 |       ||     2
Armor: Robe              |     3 |     9 ||    12
Dodge: Dodged            |    17 |    29 ||    46
